Map: World of Sleepers LE

Players

Elazer

  • Race: Zerg Zerg
  • Spawn Location: 7:00

Trap - Winner!

  • Race: Protoss Protoss
  • Spawn Location: 1:00

Event: 2019 WCS Global FInals

VOD

Have the link to the VOD?

Description

Time

  • Played on: Oct. 26, 2019, 11:08 p.m.
  • Length: 11:59

All games in this series

Show
View Real Time Build Order
Export as new Build Order

Elazer Zerg 

Build Orders: Hatch First, Roach Hydra 

Get SALT Encoding   

  12  0:00  Drone  
  13  0:12  Overlord  
  13  0:16  Drone  
  14  0:30  Drone x2  
  16  0:47  Hatchery  
  15  0:51  Drone  
  15  0:54  Drone  
  17  0:58  Drone  
  18  1:08  Extractor  
  17  1:13  Spawning Pool  
  17  1:16  Drone  
  17  1:19  Drone  
  18  1:28  Drone  
  19  1:38  Drone  
  20  1:49  Drone  
  21  1:59  Queen x2  
  21  2:00  Overlord, Zergling x2  
  26  2:10  Zergling x2  
  26  2:11  Drone  
  28  2:21  Drone x2  
  30  2:27  Hatchery  
  29  2:32  Drone x2  
  31  2:38  Queen  
  33  2:44  Metabolic Boost  
  33  2:48  Overlord  
  33  2:51  Drone  
  33  2:54  Drone  
  33  2:55  Drone  
  35  3:04  Overlord  
  35  3:08  Drone x2  
  35  3:09  Drone  
  35  3:10  Drone  
  35  3:12  Drone  
  40  3:14  Drone  
  40  3:19  Queen  
  43  3:24  Drone x2  
  43  3:26  Drone  
  46  3:31  Lair  
  46  3:33  Drone  
  47  3:39  Roach Warren  
  47  3:40  Drone  
  47  3:42  Extractor  
  47  3:44  Drone x2  
  47  3:47  Drone  
  49  3:50  Drone x2  
  49  3:52  Overlord  
  51  3:56  Drone x2  
  51  3:59  Overlord  
  53  4:04  Zergling x2  
  53  4:05  Zergling x4  
  56  4:11  Overlord  
  56  4:12  Overlord  
  56  4:13  Zergling x4  
  56  4:14  Unknown  
  57  4:19  Zergling x4  
  57  4:20  Zergling x2  
  60  4:25  Roach x3  
  60  4:29  Overseer x2  
  60  4:31  Roach  
  68  4:34  Roach  
  68  4:37  Overlord  
  68  4:38  Roach  
  73  4:43  Roach  
  73  4:44  Zergling x6  
  78  4:52  Roach x2  
  78  4:59  Roach  
  69  5:00  Zergling x12  
  69  5:04  Queen  
  73  5:07  Roach  
  73  5:13  Roach x2  
  78  5:16  Roach  
  78  5:18  Zergling x6  
  81  5:24  Queen  
  81  5:27  Queen  
  85  5:32  Overlord  
  85  5:33  Drone, Unknown  
  85  5:34  Drone  
  86  5:39  Overlord  
  85  5:44  Overlord, Drone x3  
  85  5:45  Extractor  
  85  5:46  Drone  
  85  5:47  Drone  
  85  5:57  Overlord  
  85  5:58  Evolution Chamber, Baneling Nest  
  85  5:59  Glial Reconstitution  
  85  6:00  Roach  
  85  6:08  Roach x3  
  88  6:12  Overlord  
  88  6:15  Pneumatized Carapace  
  88  6:18  Overlord  
  83  6:20  Roach  
  83  6:24  Drone x3  
  81  6:28  Drone  
  81  6:34  Drone x3  
  84  6:41  Centrifical Hooks  
  84  6:43  Drone  
  84  6:44  Drone  
  84  6:46  Drone  
  85  6:48  Drone  
  85  6:51  Drone  
  86  6:55  Drone x2  
  86  6:56  Drone  
  86  6:57  Drone  
  86  6:59  Drone  
  86  7:00  Drone  
  92  7:05  Overlord  
  92  7:07  Zerg Melee Weapons Level 1  
  91  7:11  Drone x3  
  91  7:15  Drone x2  
  96  7:16  Drone  
  96  7:18  Ravager x3  
  96  7:20  Drone  
  96  7:21  Drone  
  96  7:22  Drone  
  103  7:24  Drone  
  103  7:25  Drone  
  103  7:28  Drone  
  103  7:29  Drone  
  105  7:35  Overlord  
  105  7:36  Zergling x8  
  108  7:39  Zergling x6  
  111  7:44  Overlord  
  111  7:46  Extractor  
  111  7:48  Hydralisk Den, Zergling x2  
  111  7:49  Zergling x2  
  111  7:55  Hatchery  
  110  7:58  Overlord  
  110  8:00  Drone x2  
  110  8:01  Drone  
  110  8:04  Drone x2  
  110  8:05  Overlord  
  115  8:10  Overlord  
  115  8:17  Drone  
  115  8:18  Overlord  
  115  8:19  Drone x2  
  122  8:20  Drone x5  
  122  8:23  Muscular Augments  
  122  8:27  Hydralisk x2  
  122  8:32  Drone  
  122  8:33  Hydralisk x2  
  129  8:35  Hydralisk  
  129  8:36  Evolution Chamber  
  132  8:41  Overlord  
  132  8:43  Drone  
  132  8:45  Hydralisk, Drone  
  132  8:46  Hydralisk  
  138  8:48  Extractor  
  138  8:52  Overlord  
  138  8:53  Hydralisk  
  138  8:54  Hydralisk  
  141  9:00  Hydralisk  
  141  9:01  Hydralisk x2  
  147  9:03  Zerg Melee Weapons Level 2  
  147  9:05  Zerg Missile Weapons Level 1  
  147  9:09  Zergling x2  
  151  9:10  Zergling x6  
  152  9:17  Zergling x14  
  152  9:21  Overlord  
  158  9:27  Hydralisk x2  
  158  9:31  Hydralisk x2  
  162  9:32  Infestation Pit  
  162  9:34  Grooved Spines  
  165  9:41  Baneling x10  
  165  9:45  Drone x3  
  166  9:46  Hydralisk  
  166  9:47  Hydralisk x4  
  166  9:49  Zergling x4  
  177  9:56  Zergling x8  
  180  10:05  Zergling x14  
  182  10:11  Zergling x8  
  186  10:16  Zergling x4  
  186  10:20  Baneling x15  
  187  10:25  Zergling x6  
  188  10:33  Baneling x12  
  188  10:34  Hatchery  
  188  10:35  Zergling x14  
  193  10:46  Zergling x14  
  197  10:52  Zergling x4  
  197  10:54  Baneling x21  
  195  10:58  Zergling x8  
  186  11:07  Zergling x14  
  187  11:14  Zergling x14  
  187  11:22  Zergling x2  
  187  11:25  Zergling x6  
  154  11:27  Hydralisk  
  154  11:31  Hydralisk  
  154  11:32  Hydralisk x2  
  135  11:34  Hydralisk  
Show
View Real Time Build Order
Export as new Build Order

Trap Protoss - Winner!

Build Orders: 1 Gate Expand, Chargelot Immortal 

Get SALT Encoding   

  12  0:00  Probe  
  13  0:12  Probe  
  14  0:19  Pylon  
  14  0:24  Probe  
  15  0:31  Assimilator  
  15  0:37  Probe (Chrono Boost)  
  16  0:47  Gateway  
  16  0:49  Probe (Chrono Boost)  
  17  0:55  Probe (Chrono Boost)  
  18  1:03  Probe  
  19  1:15  Probe  
  20  1:23  Nexus  
  20  1:34  Cybernetics Core  
  20  1:35  Probe  
  21  1:42  Assimilator  
  21  1:47  Probe  
  21  1:50  Pylon  
  22  1:59  Probe  
  23  2:07  Adept (Chrono Boost)  
  23  2:10  Warp Gate  
  23  2:11  Probe  
  26  2:17  Twilight Council  
  26  2:23  Probe  
  26  2:29  Stalker  
  27  2:36  Probe (Chrono Boost)  
  31  2:41  Probe (Chrono Boost)  
  31  2:45  Probe (Chrono Boost)  
  31  2:49  Robotics Facility, Probe (Chrono Boost)  
  31  2:50  Probe (Chrono Boost)  
  34  3:00  Probe  
  34  3:02  Probe  
  36  3:06  Gateway  
  36  3:13  Gateway  
  36  3:16  Charge (Chrono Boost)  
  36  3:17  Gateway, Probe  
  36  3:19  Probe  
  38  3:29  Probe  
  38  3:31  Probe  
  38  3:32  Warp Prism (Chrono Boost)  
  40  3:39  Pylon  
  42  3:43  Probe x2  
  42  3:46  Assimilator  
  44  3:48  Assimilator  
  44  3:59  Pylon  
  44  4:07  Dark Shrine  
  44  4:08  Zealot x3  
  50  4:11  Zealot  
  50  4:12  Probe x2  
  50  4:17  Pylon  
  54  4:22  Pylon  
  54  4:31  Zealot x3  
  54  4:34  Zealot  
  54  4:37  Observer  
  63  4:40  Pylon  
  63  4:43  Probe x2  
  65  4:57  Probe x2  
  63  5:00  Zealot x4  
  67  5:08  Immortal  
  67  5:25  Nexus  
  67  5:27  Pylon  
  63  5:31  Dark Templar  
  63  5:32  Dark Templar  
  67  5:40  Dark Templar x2  
  71  5:50  Immortal (Chrono Boost)  
  71  5:51  Nexus  
  71  5:53  Archon  
  71  5:56  Probe x2 (Chrono Boost)  
  77  6:00  Forge  
  77  6:05  Zealot  
  77  6:06  Probe (Chrono Boost)  
  77  6:07  Probe (Chrono Boost)  
  81  6:12  Probe  
  81  6:14  Probe  
  83  6:22  Immortal (Chrono Boost)  
  83  6:23  Protoss Ground Weapons Level 1 (Chrono Boost)  
  83  6:24  Adept  
  86  6:27  Probe  
  86  6:28  Pylon, Probe  
  86  6:48  Dark Templar  
  86  6:49  Shield Battery  
  86  6:51  Shield Battery x2, Sentry x3  
  94  6:58  Immortal (Chrono Boost)  
  98  7:02  Probe x2  
  98  7:05  Pylon  
  98  7:08  Pylon  
  100  7:13  Probe  
  100  7:14  Probe x2  
  103  7:18  Observer  
  103  7:22  Gateway  
  103  7:25  Gateway, Probe  
  103  7:26  Probe x2  
  103  7:29  Gateway  
  106  7:34  Immortal (Chrono Boost)  
  108  7:37  Probe  
  108  7:41  Templar Archives  
  108  7:43  Probe x2  
  111  7:48  Pylon  
  111  7:49  Probe  
  112  7:52  Gateway  
  112  7:54  Pylon  
  112  7:56  Assimilator x2  
  112  8:06  Immortal (Chrono Boost)  
  112  8:07  Zealot  
  112  8:11  Psionic Storm  
  118  8:22  Robotics Facility  
  118  8:23  Probe x3  
  118  8:25  Protoss Ground Weapons Level 2 (Chrono Boost)  
  121  8:34  Nexus, High Templar x2  
  121  8:36  Photon Cannon  
  121  8:40  Pylon  
  125  8:46  High Templar  
  125  8:48  Photon Cannon  
  127  8:53  High Templar  
  127  8:57  Photon Cannon  
  127  8:58  Photon Cannon  
  127  8:59  Zealot x3  
  127  9:01  Zealot  
  135  9:05  Photon Cannon  
  135  9:09  Photon Cannon  
  135  9:11  Photon Cannon  
  135  9:15  High Templar x2  
  137  9:19  Zealot x2  
  137  9:20  Zealot  
  137  9:23  Probe x2  
  146  9:24  Probe  
  146  9:30  Pylon  
  146  9:34  Observer (Chrono Boost)  
  146  9:36  Observer  
  151  9:41  Probe x3  
  151  9:42  Immortal (Chrono Boost), Unknown  
  154  9:53  Immortal (Chrono Boost)  
  154  9:54  Blink  
  152  10:06  Archon, High Templar x2  
  155  10:08  Photon Cannon  
  155  10:10  Photon Cannon x2  
  155  10:14  Observer (Chrono Boost)  
  155  10:20  Photon Cannon  
  156  10:22  Immortal (Chrono Boost)  
  156  10:27  Gateway  
  156  10:28  Gateway  
  160  10:30  Gateway  
  160  10:35  Zealot  
  162  10:38  Zealot x4  
  170  10:54  Pylon  
  170  10:55  Immortal (Chrono Boost), Pylon  
  170  10:56  Immortal (Chrono Boost), Pylon  
  172  10:57  Pylon  
  168  11:05  Stalker x3  
  170  11:15  High Templar x4  
  178  11:21  Zealot x2  
  178  11:22  Archon  
  178  11:23  Archon  
  178  11:25  Zealot x2  
  169  11:27  Archon  
  147  11:34  Zealot x3  
  143  11:45  Zealot x4  
  149  11:47  Zealot  
  149  11:51  Zealot x2  
  149  11:52  Zealot  
Tags
 
Add a new tag
Caveats
  • Supply blocks, unpowered buildings, or Contaminate may cause inaccurate times.
  • Supply counts are checked every 10 seconds.